 Dungeon Crawl Stone Soup version 0.29-a0-380-gf50f0a9fbc (webtiles) character file.

Game seed: 13733362155851689562

928 happo123 the Ruffian (level 7, -2/105 HPs)
             Began as a Troll Berserker on May 5, 2022.
             Was a Priest of Trog.
             Splashed by a jelly's acid (7 damage)
             ... on level 5 of the Dungeon.
             The game lasted 00:18:34 (3491 turns).

happo123 the Ruffian (Troll Berserker)              Turns: 3491, Time: 00:18:34

Health: -2/105     AC: -1    Str: 28    XL:     7   Next: 85%
Magic:  6/6        EV: 10    Int:  3    God:    Trog [***...]
Gold:   165        SH:  0    Dex:  9    Spells: 6/6 levels left

rFire   + . .      SeeInvis .   t - +0 hand axe (freeze)
rCold   . . .      Faith    .   (no shield)
rNeg    . . .      Spirit   .   y - +1 robe {Will+}
rPois   .          Reflect  .   q - +0 hat
rElec   .          Harm     .   A - +1 cloak {Will+}
rCorr   .          Rampage  .   (gloves unavailable)
Will    ++...                   (boots unavailable)
Stlth   ..........              (no amulet)
HPRegen 1.07/turn               (no ring)
MPRegen 0.10/turn               (no ring)

@: berserking, corroded, very quick
A: large, unfitting armour, claws 3, regeneration 1, shaggy fur 1, tough skin 1,
fire resistance 1, mutation resistance 1
a: Renounce Religion, Berserk, Trog's Hand


You were on level 5 of the Dungeon.
You worshipped Trog.
Trog was most pleased with you.
You visited 1 branch of the dungeon, and saw 5 of its levels.

You collected 221 gold pieces.
You spent 56 gold pieces at shops.

Inventory:

Hand Weapons
 h - a +0 hand crossbow
 t - a +0 hand axe of freezing (weapon)
 z - a +3 quarterstaff of chaos
 B - a +2 mace of protection
Armour
 a - a +0 animal skin
 q - a +0 hat (worn)
 y - a +1 robe of willpower (worn)
 A - a +1 cloak of willpower (worn)
Wands
 p - a wand of paralysis (8)
Scrolls
 b - 2 scrolls of identify
 d - a scroll of magic mapping {unknown}
 e - a scroll of poison {unknown}
 f - 2 scrolls of enchant weapon
 g - a scroll of teleportation {unknown}
 l - 2 scrolls of brand weapon
 n - a scroll of noise {unknown}
 o - a scroll of silence {unknown}
 r - 2 scrolls of fear {unknown}
 v - a scroll of fog {unknown}
 w - a scroll of enchant armour {unknown}
Potions
 c - 3 potions of heal wounds
 i - a potion of degeneration {unknown}
 j - 4 potions of attraction
 k - 2 potions of curing
 m - a potion of flight {unknown}
 s - a potion of magic {unknown}
 u - a potion of mutation
 x - a potion of lignification {unknown}
 C - a potion of berserk rage {unknown}


   Skills:
 + Level 4.0 Fighting
 + Level 2.8 Axes
 + Level 4.2 Dodging
 + Level 1.1 Stealth
 + Level 6.1 Unarmed Combat


You had 6 spell levels left.
You didn't know any spells.
Your spell library was empty.

Dungeon Overview and Level Annotations

Branches:
Dungeon (5/15)             Temple (0/1) D:4

Altars:
Qazlal

Shops:
D:3 ?   D:4 =


Innate Abilities, Weirdness & Mutations

You are too large for most types of armour.
You have claws for hands.
Your natural rate of healing is unusually fast.
You are covered in fur. (AC +1)
You have tough skin. (AC +1)
Your flesh is heat resistant. (rF+)
You are somewhat resistant to further mutation.


Message History

The white imp is severely wounded.
You hit the iguana but do no damage. You hit the ogre. You freeze the ogre.
The white imp gestures at you. The puff of frost hits you!
The ogre hits you with a +0 giant club!!
The iguana barely misses you.
A red film seems to cover your vision as you go berserk!
You feel yourself moving faster!
You feel mighty! The white imp closely misses you.
The ogre hits you with a +0 giant club!!
* * * LOW HITPOINT WARNING * * *
The iguana misses you.
You closely miss the white imp.
The white imp is severely wounded.
You hit the iguana.
The iguana seems to slow down.
You freeze the iguana. You slash the ogre! You freeze the ogre.
The white imp gestures at you. The puff of frost hits you.
* * * LOW HITPOINT WARNING * * *
Unknown command.
You slash the white imp!
You kill the white imp!
Trog accepts your kill.
You completely miss the iguana. You hit the ogre. You freeze the ogre.
You feel the power of Trog in you as your rage grows.
You kill the ogre!
Trog accepts your kill. The iguana bites you!
* * * LOW HITPOINT WARNING * * *
Your life force feels restored.
Your Fighting skill increases to level 4!
You hit the iguana but do no damage.
The iguana is severely wounded.
You slash the jelly! You freeze the jelly. The acid corrodes you!
Your claws burn!
* * * LOW HITPOINT WARNING * * *
The jelly hits you.
* * * LOW HITPOINT WARNING * * *
The acid corrodes you!
You are splashed with acid!
You die...

### ## ..# #.# #### #.#
#...# #.# ...... # ##.##
#......
####...##########l......
'...............@J......
#.##...#.########)......
#.###.##.# #...... #.#
#....# #..... #.#####..#
....# #.....<..# ####
#######.## #.# #######.#


You could see an iguana (slow) and a jelly.

Vanquished Creatures
  A black bear (D:4)
  An ogre (D:5)
  A phantom (D:3)
  Blork the orc (D:5)
  2 scorpions
  A gnoll sergeant (D:4)
  A jelly (D:5)
  2 hounds (D:5)
  2 orc priests (D:4)
  Crazy Yiuf (D:5)
  An iguana (D:4)
  Robin (D:2)
  7 adders
  3 gnolls (D:4)
  A white imp (D:5)
  2 worms
  14 orcs
  5 bats
  9 endoplasms
  3 giant cockroaches
  11 goblins
  7 hobgoblins
  6 quokkas
  7 ball pythons
  7 frilled lizards
  7 kobolds
  9 rats
113 creatures vanquished.

Notes
Turn   | Place    | Note
-------+----------+-------------------------------------------
     0 | D:1      | happo123 the Troll Berserker began the quest for the Orb.
     0 | D:1      | Reached XP level 1. HP: 22/22 MP: 0/0
   103 | D:1      | Reached XP level 2. HP: 29/29 MP: 1/1
   294 | D:1      | Reached ** piety under Trog
   306 | D:1      | Reached XP level 3. HP: 36/36 MP: 2/2
   881 | D:2      | Noticed Robin
   898 | D:2      | Killed Robin
   986 | D:2      | Noticed a scorpion
   993 | D:2      | Killed a scorpion
   994 | D:2      | Reached skill level 4 in Unarmed Combat
   994 | D:2      | Reached XP level 4. HP: 45/45 MP: 3/3
  1105 | D:2      | Reached XP level 5. HP: 51/53 MP: 4/4
  1615 | D:3      | Noticed a phantom
  1623 | D:3      | Killed a phantom
  1624 | D:3      | Reached skill level 5 in Unarmed Combat
  1633 | D:3      | Reached *** piety under Trog
  1652 | D:3      | Found Atesis's Magic Scroll Emporium.
  1660 | D:3      | Bought a scroll of identify for 28 gold pieces
  1660 | D:3      | Bought a scroll of identify for 28 gold pieces
  1729 | D:3      | Found a faded altar of an unknown god.
  1734 | D:3      | Reached XP level 6. HP: 59/61 MP: 5/5
  1735 | D:3      | Found a stormy altar of Qazlal.
  2196 | D:4      | Found Nauqa's Jewellery Emporium.
  2474 | D:4      | Reached skill level 1 in Stealth
  2630 | D:4      | Found a staircase to the Ecumenical Temple.
  2660 | D:4      | Gained mutation: You are dopey. (Int -2) [potion of
                  | mutation]
  2660 | D:4      | Gained mutation: Your magical capacity is low. (-10% MP)
                  | [potion of mutation]
  2660 | D:4      | Gained mutation: Your spells are a little harder to cast,
                  | but a little more powerful. [potion of mutation]
  2661 | D:4      | Lost mutation: You are dopey. (Int -2) [potion of mutation]
  2661 | D:4      | Lost mutation: Your spells are a little harder to cast, but
                  | a little more powerful. [potion of mutation]
  2661 | D:4      | Lost mutation: Your magical capacity is low. (-10% MP)
                  | [potion of mutation]
  2661 | D:4      | Gained mutation: Your flesh is heat resistant. (rF+)
                  | [potion of mutation]
  2661 | D:4      | Gained mutation: You are somewhat resistant to further
                  | mutation. [potion of mutation]
  2710 | D:4      | Reached skill level 6 in Unarmed Combat
  2779 | D:4      | Reached skill level 1 in Axes
  2779 | D:4      | Reached XP level 7. HP: 37/67 MP: 6/6
  2988 | D:5      | Entered Level 5 of the Dungeon
  3152 | D:5      | Noticed Blork the orc
  3167 | D:5      | Killed Blork the orc
  3326 | D:5      | Found a runed translucent door.
  3327 | D:5      | Noticed Crazy Yiuf
  3337 | D:5      | Killed Crazy Yiuf
  3491 | D:5      | HP: 5/105 [acid (1)]
  3491 | D:5      | Splashed by a jelly's acid

Illustrated notes

Levels and vault maps discovered:
D:1:      scummos_arrival_star, layout_loops_ring
D:2:      layout_loops_ring, uniq_robin
D:3:      layout_loops_ring, nicolae_overflow_ecumenical_swirl, serial_shops,
          shop, saegor_snake_ambush
D:4:      layout_loops_cross, minmay_temple_entry_trees, serial_shops,
          nicolae_shop_temple_entry_statues_fountains, palyth_stone_intersect
D:5:      layout_loops_corners, uniq_crazy_yiuf_cottage, uniq_blork_the_orc

Skill      XL: |  1  2  3  4  5  6  7 |
---------------+----------------------+-----
Dodging        | 3 4 |  4.2
Fighting       | 3 4 |  4.0
Unarmed Combat | 4 5 6 |  6.1
Stealth        | 1 |  1.1
Axes           | 1 2 |  2.8

Action                   |  1- 3 |  4- 6 |  7- 9 || total
-------------------------+-------+-------+-------++-------
Melee: Unarmed           |   101 |    94 |       ||   195
       Punch             |     2 |     8 |     1 ||    11
       Hand axe          |       |    67 |    51 ||   118
Invok: Berserk           |     1 |     2 |     2 ||     5
       Trog's Hand       |     1 |     1 |       ||     2
  Use: Scroll            |       |     6 |       ||     6
       Potion            |       |     2 |       ||     2
 Stab: Distracted        |       |     1 |       ||     1
       Sleeping          |       |     1 |       ||     1
Armor: Animal skin       |    26 |    51 |    10 ||    87
       Robe              |       |       |     8 ||     8
Dodge: Dodged            |    45 |    92 |    21 ||   158

Table legend: (Time is in decaauts)
 A = Elapsed time spent in this place.
 B = Non-inter-level travel time spent in this place.
 C = Inter-level travel time spent in this place.
 D = Time resting spent in this place.
 E = Time spent auto-exploring this place.
 F = Levels seen in this place.
 G = Mean time per level.
                   A        B        C        D        E       F      G
               +--------+--------+--------+--------+--------+-----+--------+
         Total |   3544 |   3184 |    360 |      0 |   2481 |   5 |  708.8 |
       Dungeon |   3544 |   3184 |    360 |      0 |   2481 |   5 |  708.8 |
               +--------+--------+--------+--------+--------+-----+--------+

Top non-repeatable levels by time:
     D:4: 816 daAuts
     D:3: 764 daAuts
     D:2: 725 daAuts
     D:1: 719 daAuts
     D:5: 517 daAuts
